 Dungeon Crawl Stone Soup version 0.27-a0-1189-gb8eb6cee8e (webtiles) character file.

Game seed: 11635462532801469227

93 roflturtle the Ruffian (level 4, -1/35 HPs)
             Began as a Draconian Transmuter on May 22, 2021.
             Slain by a gnoll
             ... wielding a +0 spear
              (9 damage)
             ... on level 3 of the Dungeon.
             The game lasted 00:07:44 (1682 turns).

roflturtle the Ruffian (Draconian Transmuter)       Turns: 1682, Time: 00:07:45

Health: -1/35      AC:  5    Str: 13    XL:     4   Next: 37%
Magic:  5/7        EV: 12    Int: 13    God:
Gold:   49         SH:  0    Dex: 12    Spells: 5/8 levels left

rFire    . . .     SeeInvis .     - Unarmed
rCold    . . .     Faith    .   (no shield)
rNeg     . . .     Spirit   .   (armour unavailable)
rPois    .         Reflect  .   (helmet currently unavailable)
rElec    .         Harm     .   (no cloak)
rCorr    .         Rampage  .   (no gloves)
Will     .....                  (boots currently unavailable)
Stlth    +.........             (no amulet)
HPRegen  0.11/turn              (no ring)
MPRegen  0.10/turn              (no ring)

@: mighty, appendages
A: horns 2, talons 2, AC +5, unfitting armour, cold-blooded
a: End Transformation


You were on level 3 of the Dungeon.
You had temporarily grown beastly horns and talons.
You visited 1 branch of the dungeon, and saw 3 of its levels.

You collected 49 gold pieces.

Inventory:

Scrolls
 a - a scroll of teleportation {unknown}
 c - 3 scrolls of identify {unknown}
 d - a scroll of summoning {unknown}
 e - a scroll of silence {unknown}
Potions
 b - 2 potions of might
 f - a potion of degeneration {unknown}
 g - a potion of curing {unknown}


   Skills:
 + Level 1.2 Fighting
 + Level 2.2 Dodging
 + Level 0.2 Stealth
 + Level 4.1 Unarmed Combat
 + Level 2.5 Spellcasting
 + Level 2.6 Transmutations


You had 5 spell levels left.
You knew the following spells:

 Your Spells              Type           Power      Damage    Failure   Level
a - Beastly Appendage     Tmut           16%        N/A       9%          1
b - Wereblood             Tmut           8%         N/A       12%         2

Your spell library contained the following spells:

 Spells                   Type           Power      Damage    Failure   Level
 Spider Form              Tmut/Pois      2%         N/A       38%         3
 Ice Form                 Ice/Tmut       5%         N/A       80%         4
 Hydra Form               Tmut           4%         N/A       92%         5


Dungeon Overview and Level Annotations

Branches:
Dungeon (3/15)

Altars:

Annotations:
D:2 Natasha


Innate Abilities, Weirdness & Mutations

You have temporarily grown beastly horns and talons.
Your plain brown scales are hard. (AC +5)
You cannot fit into any form of body armour.
You are cold-blooded and may be slowed by cold attacks.


Message History

The gnoll is almost dead.
The gnoll hits you with a +0 whip!
You hit the gnoll.
You kill the gnoll!
You closely miss the gnoll. The gnoll completely misses you.
The gnoll hits you with a +0 whip!
You barely miss the gnoll.
Your transformation is almost over.
The gnoll barely misses you. The gnoll hits you with a +0 whip.
You punch the gnoll!
The gnoll is severely wounded.
The gnoll hits you from afar with a +0 spear.
The gnoll hits you with a +0 whip.
You closely miss the gnoll. Your headbutt misses the gnoll.
The gnoll is severely wounded.
The gnoll closely misses you. The gnoll hits you but does no damage.
You punch the gnoll!
You kill the gnoll!
The gnoll hits you from afar with a +0 spear.
* * * LOW HITPOINT WARNING * * *
Your horns disappear.
Your talons disappear.
You howl as the wereblood boils in your veins!
Your primal bloodlust is almost over.
Your primal bloodlust has ended.
There is an open door here.
Casting: Wereblood (safe; 12% risk of failure)
Confirm with . or Enter, or press ? or * to list all spells.
You grow a pair of large bovine horns.
Your feet morph into talons.
The scorpion misses you. The gnoll closely misses you.
It was a potion of might.
You feel very mighty all of a sudden. The scorpion closely misses you.
The gnoll hits you from afar with a +0 spear.
* * * LOW HITPOINT WARNING * * *
You barely miss the scorpion.
You tail-slap the scorpion, but do no damage.
The scorpion stings you.
* * * LOW HITPOINT WARNING * * *
The gnoll hits you from afar with a +0 spear!
You die...

#.. ..# #. ###.# #.# #. #....
#.###+## ##.## #.#.# #.##...##
... #.#.# #.#.....## ####.# #.#.#
####........## ##.##.## #.#..
.............####......######.#..
.............'gs@................
.............####...#..##.###.#..
#.#.#.......## #..##..##.# #.##.
#.#.##.....## #.##...##.# #.##.
#s#.###...## #.##.#.##.# #....
..#.# ##+## #.##.#.##.# ####.
###.# #.##.#.##.# . # #.#
#......##.. . # #.# ####.######


You could see a scorpion and a gnoll.

Vanquished Creatures
  3 gnolls (D:3)
  An adder (D:2)
  3 dart slugs (D:2)
  An orc (D:2)
  6 ball pythons
  4 endoplasms
  3 hobgoblins
  8 jackals (D:2)
  2 quokkas (D:1)
  2 bats
  A frilled lizard (D:1)
  3 goblins
  6 kobolds
  4 rats
47 creatures vanquished.

Notes
Turn   | Place    | Note
-------+----------+-------------------------------------------
     0 | D:1      | roflturtle the Draconian Transmuter began the quest for the
                  | Orb.
     0 | D:1      | Reached XP level 1. HP: 16/16 MP: 3/3
   210 | D:1      | Reached XP level 2. HP: 22/23 MP: 1/5
  1103 | D:2      | Reached XP level 3. HP: 21/28 MP: 4/6
  1345 | D:2      | Learned a level 2 spell: Wereblood
  1359 | D:2      | Noticed Natasha
  1652 | D:3      | Noticed a scorpion
  1654 | D:3      | Reached skill level 4 in Unarmed Combat
  1654 | D:3      | Reached XP level 4. HP: 35/35 MP: 3/7
  1682 | D:3      | Slain by a gnoll

Illustrated notes

Levels and vault maps discovered:
D:1:      onia_arrival_pentagram, layout_basic
D:2:      layout_loops_ring, serial_rivers, chequers_serial_rivers_micro_c,
          chequers_serial_rivers_large_b, chequers_serial_rivers_micro_b,
          chequers_serial_rivers_large_a, chequers_serial_rivers_micro_a,
          chequers_serial_rivers_micro_e, uniq_natasha
D:3:      layout_loops_corners, amethyst_overflow_temple_binary,
          minmay_misc_feat_cross, grunt_ministairs_11, uniq_grinder

Skill      XL: |  1  2  3 |
---------------+----------+-----
Dodging        | 2 |  2.2
Unarmed Combat | 4 |  4.1
Fighting       | |  1.2
Stealth        | |  0.2
Spellcasting   | |  2.5
Transmutations | |  2.6

Action                   |  1- 3 |  4- 6 || total
-------------------------+-------+-------++-------
Melee: Unarmed           |   145 |     8 ||   153
       Tailslap          |    10 |     2 ||    12
       Kick              |    17 |     1 ||    18
       Headbutt          |     4 |     1 ||     5
       Punch             |     3 |       ||     3
 Cast: Beastly Appendage |    15 |     1 ||    16
       Wereblood         |     1 |       ||     1
  Use: Potion            |       |     1 ||     1
Armor: Skin              |    39 |     1 ||    40
Dodge: Dodged            |    91 |     6 ||    97

Table legend: (Time is in decaauts)
 A = Elapsed time spent in this place.
 B = Non-inter-level travel time spent in this place.
 C = Inter-level travel time spent in this place.
 D = Time resting spent in this place.
 E = Time spent auto-exploring this place.
 F = Levels seen in this place.
 G = Mean time per level.
                   A        B        C        D        E       F      G
               +--------+--------+--------+--------+--------+-----+--------+
         Total |   1704 |   1700 |      4 |     28 |   1211 |   3 |  568.0 |
       Dungeon |   1704 |   1700 |      4 |     28 |   1211 |   3 |  568.0 |
               +--------+--------+--------+--------+--------+-----+--------+

Top non-repeatable levels by time:
     D:1: 799 daAuts
     D:2: 717 daAuts
     D:3: 188 daAuts
